 Dungeon Sprint DCSS version 0.21.0-24-g2553a33 (webtiles) character file.

2149 wojtek the Severer (level 9, -11/88 (89) HPs)
             Began as a Minotaur Berserker on Jan 20, 2018.
             Was a High Priest of Trog.
             Shot with a bolt by an orc knight (36 damage)
             ... in the Dungeon (Sprint III: "The Ten Rune Challenge").
             The game lasted 00:02:52 (1334 turns).

wojtek the Severer (Minotaur Berserker)             Turns: 1334, Time: 00:02:53

HP:   -11/88 (89)   AC:  3    Str: 25    XL:     9   Next: 9%
MP:   8/8           EV: 17    Int:  4    God:    Trog [*****.]
Gold: 15            SH:  0    Dex: 10    Spells: 8/8 levels left

rFire    . . .     SeeInvis .   v - +4 battleaxe (distort)
rCold    . . .     Gourm    .   (shield currently unavailable)
rNeg     . . .     Faith    .   b - +0 animal skin
rPois    .         Spirit   .   (helmet restricted)
rElec    .         Reflect  .   (no cloak)
rCorr    .         Harm     .   (no gloves)
MR       .....     NoTele   +   (no boots)
Stlth    +.........             (no amulet)
HPRegen  0.24/turn              (no ring)
MPRegen  0.11/turn              (no ring)

@: no status effects
A: retaliatory headbutt, horns 2
a: Berserk, Trog's Hand, Brothers in Arms, Burn Spellbooks, Renounce Religion


You were in the Dungeon.
You worshipped Trog.
Trog was extremely pleased with you.
You were hungry.

You visited 1 branch You collected 15 gold pieces.

Inventory:

Hand Weapons
 a - a +0 hand axe
 r - a +1 antimagic battleaxe
 v - a +4 battleaxe of distortion (weapon)
Armour
 b - a +0 animal skin (worn)
Wands
 s - a wand of polymorph (15)
Scrolls
 i - a scroll of blinking
 k - a scroll of holy word {unknown}
 l - a scroll of identify {unknown}
 m - 3 scrolls of remove curse
 p - a scroll of immolation {unknown}
 q - a scroll of fog {unknown}
Potions
 d - 3 potions of curing
 e - 2 potions of heal wounds
 f - a potion of haste
 g - 2 potions of magic
 h - 2 potions of berserk rage
 j - 2 potions of mutation {unknown}
 n - a potion of lignification {unknown}
 o - a potion of flight {unknown}
Miscellaneous
 u - a box of beasts
Comestibles
 c - 4 rations


   Skills:
 + Level 11.5 Fighting
 * Level 15.2 Axes
 + Level 11.2 Armour
 + Level 10.3 Dodging


You had 8 spell levels left.
You didn't know any spells.

Dungeon Overview and Level Annotations

Branches:
Dungeon (1/1)

Altars:
Cheibriados
Dithmenos
Elyvilon
Fedhas
Gozag
Hepliaklqana
Kikubaaqudgha
Makhleb
Nemelex Xobeh
Okawaru
Qazlal
Ru
Sif Muna
Trog
Uskayaw
Vehumet
Wu Jian
Xom
Yredelemnul
Zin
The Shining One
Beogh
Jiyva
Lugonu

Shops:
D :


Innate Abilities, Weirdness & Mutations

You reflexively headbutt those who attack you in melee.
You have a pair of horns on your head.


Message History

Your deep troll bites the orc knight but does no damage.
Your deep troll claws the orc knight!!
The orc knight dies!
Trog accepts your kill.
Your Axes skill increases to level 15!
You have reached level 9!
Your experience leads to an increase in your attributes!
Increase (S)trength, (I)ntelligence, or (D)exterity?
You feel stronger.
There is an open door here.
You hear a shout!
You close the door.
You start resting.
You hear a shout! x3
You start resting.
Something unseen opens the door.
The orc knight unwields an uncursed enchanted great mace.
The orc knight wields an arbalest.
The orc knight shoots a bolt.
The bolt hits you!!!
You die...

.♣ ♣.#___#___#__#$$#∩#$ .♣
♣.#...#__.#)_#$$..o
♣♣♣♣♣.###)#)###'##oo..
♣♣..♣.#..........#ooo
≈.♣...'.⌠........#oo
≈≈≈♣♣.#...######'#)#
≈≈....#.⌠.#__#...#T#########
≈.....#...#__#...#.§§≈§'.#.+
......#)###__#..@#.#§§§#.#.#
......#)..#__#...'o#§§§#.#.#
......#___#__'...#.#§§§#...#
▓▓▓▓▓▓▓▓▓▓▓▓▓▓▓▓▓▓▓▓▓▓▓▓▓▓▓▓


You could see an orc knight.

Vanquished Creatures
  Erica (D)
  A deep elf mage (D)
  A shadow (D)
  A spatial vortex (D)
  A necrophage (D)
  A water elemental (D)
  A scorpion (D)
  A jelly (D)
  A wizard (D)
  A necromancer (D)
  3 humans (D)
  A kobold demonologist (D)
  2 oozes (D)
  2 rats (D)
18 creatures vanquished.

Vanquished Creatures (collateral kills)
  An orc knight (D)
1 creature vanquished.

Vanquished Creatures (others)
  2 draconian scorchers (D)
  6 hellions (D)
  A yaktaur (D)
9 creatures vanquished.

Grand Total: 28 creatures vanquished

Notes
Turn   | Place    | Note
-------+----------+-------------------------------------------
     0 | D        | wojtek the Minotaur Berserker began the quest for the Orb.
     0 | D        | Reached XP level 1. HP: 19/19 MP: 0/0
     4 | D        | Reached skill level 4 in Axes
     6 | D        | Reached XP level 2. HP: 17/27 MP: 1/1
    73 | D        | Killed a hellion
    89 | D        | Reached ** piety under Trog
   100 | D        | Killed a hellion
   100 | D        | Killed a hellion
   109 | D        | Killed a hellion
   134 | D        | Reached skill level 5 in Axes
   134 | D        | Reached XP level 3. HP: 15/35 MP: 2/2
   150 | D        | Killed a white draconian scorcher
   213 | D        | Killed a hellion
   282 | D        | Killed a white draconian scorcher
   347 | D        | Noticed a scorpion
   360 | D        | Killed a scorpion
   360 | D        | Reached skill level 5 in Fighting
   360 | D        | Reached skill level 7 in Axes
   360 | D        | Reached skill level 5 in Armour
   360 | D        | Reached XP level 4. HP: 11/44 MP: 3/3
   409 | D        | Killed a hellion
   439 | D        | Killed a yaktaur
   670 | D        | Noticed a water elemental
   675 | D        | Killed a water elemental
   675 | D        | Reached *** piety under Trog
   675 | D        | Reached skill level 8 in Axes
   675 | D        | Reached skill level 5 in Dodging
   675 | D        | Reached XP level 5. HP: 51/51 MP: 4/4
   744 | D        | Found a radiant altar of Vehumet.
   744 | D        | Found a deep blue altar of Sif Muna.
   744 | D        | Found an ancient bone altar of Kikubaaqudgha.
   746 | D        | Reached skill level 9 in Axes
   802 | D        | Found a glowing silver altar of Zin.
   803 | D        | Found a glowing golden altar of the Shining One.
   803 | D        | Found a white marble altar of Elyvilon.
   803 | D        | Noticed a deep elf mage
   822 | D        | Reached **** piety under Trog
   825 | D        | Killed a deep elf mage
   825 | D        | Reached ***** piety under Trog
   825 | D        | Reached skill level 12 in Axes
   825 | D        | Reached XP level 6. HP: 42/63 MP: 5/5
   825 | D        | Reached XP level 7. HP: 46/70 MP: 6/6
   936 | D        | Found a hide-covered altar of Uskayaw.
   936 | D        | Found a roughly hewn altar of Beogh.
   936 | D        | Found an iron altar of Okawaru.
   936 | D        | Found a bloodstained altar of Trog.
   936 | D        | Found an ornate altar of the Wu Jian Council.
   936 | D        | Noticed a human
   937 | D        | Noticed a human
   945 | D        | Killed a human
   952 | D        | Killed a human
   952 | D        | Received a gift from Trog
   952 | D        | Reached skill level 13 in Axes
   962 | D        | Found a basalt altar of Yredelemnul.
   962 | D        | Found a shadowy altar of Dithmenos.
   962 | D        | Found a sacrificial altar of Ru.
   969 | D        | Reached skill level 10 in Fighting
  1014 | D        | Noticed a shadow
  1018 | D        | Reached XP level 8. HP: 71/78 MP: 2/7
  1019 | D        | Reached skill level 10 in Armour
  1048 | D        | Found a blossoming altar of Fedhas.
  1048 | D        | Found a stormy altar of Qazlal.
  1048 | D        | Found a snail-covered altar of Cheibriados.
  1048 | D        | Found a burning altar of Makhleb.
  1048 | D        | Found a shimmering altar of Xom.
  1049 | D        | Found a hazy altar of Hepliaklqana.
  1049 | D        | Found an opulent altar of Gozag.
  1049 | D        | Found a sparkling altar of Nemelex Xobeh.
  1049 | D        | Found a corrupted altar of Lugonu.
  1049 | D        | Found a viscous altar of Jiyva.
  1069 | D        | Noticed Erica
  1078 | D        | Killed Erica
  1078 | D        | Received a gift from Trog
  1078 | D        | Reached skill level 14 in Axes
  1078 | D        | Reached skill level 10 in Dodging
  1313 | D        | Found Pumyji's Book Shop.
  1313 | D        | Noticed an orc knight
  1313 | D        | Noticed an orc knight
  1321 | D        | Killed an orc knight
  1321 | D        | Reached skill level 15 in Axes
  1321 | D        | Reached XP level 9. HP: 22/88 MP: 8/8
  1334 | D        | Shot with a bolt by an orc knight

Skill      XL: |  1  2  3  4  5  6  7  8 |
---------------+-------------------------+-----
Fighting       | 4 5 6 9 10 11 | 11.5
Axes           | 4 5 7 8 12 13 15 | 15.2
Armour         | 3 4 5 8 9 11 | 11.2
Dodging        | 3 4 5 7 8 10 | 10.3

Action                   |  1- 3 |  4- 6 |  7- 9 || total
-------------------------+-------+-------+-------++-------
Melee: Hand axe          |    31 |    10 |     9 ||    50
       Headbutt          |     5 |     1 |     7 ||    13
       Battleaxe         |       |       |    23 ||    23
Invok: Berserk           |     1 |     2 |     2 ||     5
       Burn Spellbooks   |       |     1 |     1 ||     2
       Brothers in Arms  |       |       |     1 ||     1
  Eat: Ration            |       |     1 |       ||     1
       Chunk             |       |       |     2 ||     2
Armor: Animal skin       |     1 |       |       ||     1
Dodge: Dodged            |    19 |     3 |    14 ||    36
